 Dungeon Crawl Stone Soup version bcrawl-1.19.2-6-g6a88ae04c9 (webtiles) character file.

Game seed: 2587238935382170004

49 MisterOstroum the Charmwright (level 3, -1/29 HPs)
             Began as a Demonspawn Skald on Jan 7, 2020.
             Was a Plaything of Xom.
             Slain by a centaur zombie (4 damage)
             ... on level 3 of the Dungeon.
             The game lasted 00:06:41 (2222 turns).

MisterOstroum the Charmwright (Demonspawn Skald)    Turns: 2222, Time: 00:06:41

Health: -1/29      AC:  4    Str: 12    XL:     3   Next: 53%
Magic:  1/6        EV: 11    Int: 14    God:    Xom [..*...]
Gold:   91         SH:  0    Dex: 12    Spells: 0/6 levels left

rFire    . . .     SeeInvis .   a - +0 spear
rCold    . . .     Gourm    .   (no shield)
rNeg     . . .     Faith    .   b - +0 leather armour
rPois    .         Spirit   .   (no helmet)
rElec    .         Reflect  .   (no cloak)
rCorr    .         Harm     .   j - +0 pair of gloves
MR       .....                  (no boots)
Stlth    +.........             (no amulet)
HPRegen  0.09/turn              (no ring)
MPRegen  0.10/turn              (no ring)

@: no status effects
A: powered by pain 1
a: Renounce Religion


You were on level 3 of the Dungeon.
You worshipped Xom.
You were a toy of Xom.
You were not hungry.

You visited 1 branch of the dungeon, and saw 3 of its levels.

You collected 91 gold pieces.

Inventory:

Hand Weapons
 a - a +0 spear (weapon)
 c - a cursed -1 spear
Missiles
 h - 589 sling bullets
 i - 59 needles of confusion
 l - 368 stones (quivered)
Armour
 b - a +0 leather armour (worn)
 j - a +0 pair of gloves (worn)
 p - a +0 plate armour
 u - a +0 robe
Scrolls
 d - a scroll of fear {!r}
 f - a scroll of remove curse {@r2}
 g - a scroll of teleportation {@r3 !r}
 m - a scroll of immolation {unknown}
 q - a scroll of enchant armour {unknown}
 t - a scroll of enchant weapon {unknown}
Potions
 k - a potion of resistance {unknown}
 n - a potion of berserk rage {unknown}
 o - a potion of magic {unknown}
 r - a potion of heal wounds {unknown}
 s - a potion of flight {unknown}
Comestibles
 e - 5 rations {!d}


   Skills:
 * Level 3.0 Fighting
 * Level 2.6 Polearms
 - Level 0.8 Armour
 - Level 1.7 Dodging
 - Level 2.0 Spellcasting
 + Level 0.3 Hexes
 - Level 3.0 Charms


You couldn't memorise any spells.
You knew the following spells:

 Your Spells              Type           Power        Failure   Level  Hunger
a - Infusion              Chrm           #.......     9%          1    ##.....
b - Song of Slaying       Chrm           #.......     13%         2    ###....
c - Spectral Weapon       Hex/Chrm       #.......     41%         3    ####...

Your spell library contained the following spells:

 Spells                   Type           Power        Failure   Level  Hunger
 Ozocubu's Armour         Chrm/Ice       #.......     43%         3    ####...
 Regeneration             Chrm/Necr      #.........   43%         3    ####...


Dungeon Overview and Level Annotations

Branches:
Dungeon (3/12)

Altars:
Cheibriados
Uskayaw
Xom


Innate Abilities, Weirdness & Mutations

You sometimes gain a little power by taking damage.


Message History

As you read the scroll labeled YLOWEN ZIFFOI, it crumbles to dust.
You feel strangely unstable.
It was a scroll of teleportation.
As you read the scroll labeled HARUCL CIMNU, it crumbles to dust.
You feel blessed for a moment.
It was a scroll of remove curse.
You climb upwards.
Your surroundings suddenly seem different.
Some of the chunks of flesh in your inventory have rotted away.
(D) Dungeon
Where to? (Enter - D:2 @ (x,y), ? - help)
There is a stone staircase leading down here.
You climb downwards.
The centaur zombie is too close now for your liking.
There is a stone staircase leading up here.
You barely miss the centaur zombie. The centaur zombie hits you.
You hit the centaur zombie but do no damage.
The centaur zombie closely misses you.
Casting: Infusion (safe; 9% risk of failure)
Confirm with . or Enter, or press ? or * to list all spells.
Okay, then.
Unknown command.
Unknown command.
Unknown command.
Unknown command.
Unknown command.
Unknown command.
Unknown command.
Unknown command.
Casting: Infusion (safe; 9% risk of failure)
Confirm with . or Enter, or press ? or * to list all spells.
You draw out your weapon's spirit!
The centaur zombie hits you but does no damage.
The centaur zombie hits you.
You hit the centaur zombie but do no damage.
Your spectral weapon hits the centaur zombie from afar!
The centaur zombie hits you.
You hit the centaur zombie.
The centaur zombie is moderately damaged.
Your spectral weapon barely misses the centaur zombie.
The centaur zombie closely misses you.
You swap places.
The centaur zombie hits your spectral weapon.
Your spectral weapon shares its damage with you!
The centaur zombie hits your spectral weapon.
Your spectral weapon shares its damage with you!
All of the chunks of flesh in your inventory have rotted away.
Attack whom?
Press: ? - help, Dir - move target cursor, f - centaur zombie
Aim: a centaur zombie (moderately damaged)
You reach to attack!
You hit the centaur zombie.
The centaur zombie is heavily damaged.
Your spectral weapon hits the centaur zombie.
The centaur zombie hits your spectral weapon.
Attack whom?
Press: ? - help, Dir - move target cursor, f/p - centaur zombie
Aim: a centaur zombie (heavily damaged)
You reach to attack!
You barely miss the centaur zombie.
The centaur zombie is heavily damaged.
Your spectral weapon hits the centaur zombie.
The centaur zombie hits your spectral weapon.
Your spectral weapon shares its damage with you!
* * * LOW HITPOINT WARNING * * *
Attack whom?
Press: ? - help, Dir - move target cursor, f/p - centaur zombie
Aim: a centaur zombie (severely damaged)
You could not reach far enough!
The centaur zombie hits your spectral weapon.
Your spectral weapon fades away.
Attack whom?
Press: ? - help, Dir - move target cursor, f/p - centaur zombie
Aim: a centaur zombie (severely damaged)
You reach to attack!
You hit the centaur zombie.
The centaur zombie is severely damaged.
The centaur zombie hits you.
* * * LOW HITPOINT WARNING * * *
Attack whom?
Press: ? - help, Dir - move target cursor, f/p - centaur zombie
Aim: a centaur zombie (severely damaged)
You hit the centaur zombie but do no damage.
The centaur zombie is severely damaged.
The centaur zombie closely misses you.
Casting: Spectral Weapon (slightly dangerous; 41% risk of failure)
Confirm with . or Enter, or press ? or * to list all spells.
You draw out your weapon's spirit!
The centaur zombie hits you but does no damage. x2
You hit the centaur zombie but do no damage.
The centaur zombie is severely damaged.
Your spectral weapon hits the centaur zombie but does no damage.
The centaur zombie hits your spectral weapon!
Your spectral weapon shares its damage with you!
* * * LOW HITPOINT WARNING * * *
You hit the centaur zombie.
The centaur zombie is severely damaged.
Your spectral weapon hits the centaur zombie.
The centaur zombie hits you but does no damage.
You hit the centaur zombie but do no damage.
The centaur zombie is almost destroyed.
Your spectral weapon hits the centaur zombie but does no damage.
The centaur zombie hits you.
You die... "It's not fun and games unless someone loses an eye."

§ §. §§! §§§.
..... #
####.....8
#..#####.<.......
#..?<#@Z###.....
.........(## ...
#######..## .
##.. ##.. #.# ..
###


You could see a centaur zombie and a friendly spectral +0 spear.

Vanquished Creatures
  2 worms (D:2)
  A dart slug (D:1)
  5 leopard geckos
  3 goblins
  6 hobgoblins
  A quokka (D:2)
  A ball python (D:2)
  3 bats (D:1)
  4 frilled lizards
  6 kobolds
  4 rats
36 creatures vanquished.

Vanquished Creatures (others)
  A spectral weapon (D:3)
1 creature vanquished.

Grand Total: 37 creatures vanquished

Notes
Turn   | Place    | Note
-------+----------+-------------------------------------------
     0 | D:1      | MisterOstroum the Demonspawn Skald began the quest for the
                  | Orb.
     0 | D:1      | Reached XP level 1. HP: 16/16 MP: 3/3
   168 | D:1      | Gained mutation: You sometimes gain a little power by
                  | taking damage. [demonic ancestry]
   168 | D:1      | Reached XP level 2. HP: 10/22 MP: 0/5
   638 | D:1      | Learned a level 2 spell: Song of Slaying
  1199 | D:2      | Reached XP level 3. HP: 28/28 MP: 0/6
  1288 | D:2      | Found a hide-covered altar of Uskayaw.
  1298 | D:2      | Learned a level 3 spell: Spectral Weapon
  1300 | D:2      | Noticed a +0 dagger
  1301 | D:2      | Noticed a +0 dagger
  1959 | D:2      | Found a snail-covered altar of Cheibriados.
  1959 | D:2      | Found a shimmering altar of Xom.
  1979 | D:2      | Became a worshipper of Xom of Chaos
  2137 | D:2      | XOM: silly message
  2222 | D:3      | Slain by a centaur zombie

Skill      XL: |  1  2  3 |
---------------+----------+-----
Polearms       | 2 |  2.6
Charms         | 3 |  3.0
Fighting       | 3 |  3.0
Armour         | |  0.8
Dodging        | |  1.7
Spellcasting   | |  2.0
Hexes          | |  0.3

Action                   || total
-------------------------++-------
Melee: Spear             ||   136
Throw: Stone             ||     2
 Cast: Infusion          ||     9
       Song of Slaying   ||     4
       Spectral Weapon   ||     3
  Use: Scroll            ||     2
 Stab: Sleeping          ||     2
  Eat: Chunk             ||     5
Armor: Leather armour    ||    31
Dodge: Dodged            ||    53
